 Dungeon Crawl Stone Soup version 0.24-a0-736-g4e6fe308c7 (webtiles) character file.

Game seed: 2891012823450436699, levelgen mode: deterministic

2236 MalarOregon the Skirmisher (level 9, -4/78 HPs)
             Began as a Purple Draconian Venom Mage on Oct 2, 2019.
             Was a Follower of Okawaru.
             Slain by an orc warrior
             ... wielding a +0 glaive
              (25 damage)
             ... on level 7 of the Dungeon.
             The game lasted 00:23:35 (8317 turns).

MalarOregon the Skirmisher (DrVM)                   Turns: 8317, Time: 00:23:35

Health: -4/78      AC:  9    Str: 10    XL:     9   Next: 14%
Magic:  27/27      EV: 14    Int: 19    God:    Okawaru [*.....]
Gold:   15         SH:  0    Dex: 12    Spells: 6/20 levels left

rFire    . . .     SeeInvis .   a - +2 dagger (venom)
rCold    . . .     Gourm    +   (no shield)
rNeg     . . .     Faith    .   (armour unavailable)
rPois    .         Spirit   .   (helmet restricted)
rElec    .         Reflect  .   w - +0 cloak
rCorr    .         Harm     .   (no gloves)
MR       ++...                  p - +0 pair of boots
Stlth    ++........             q - amulet of the gourmand
HPRegen  0.23/turn              n - ring of magical power
MPRegen  0.20/turn              l - ring of protection from magic

@: no status effects
A: breathe power, unfitting armour, cold-blooded, AC +7
a: Breathe Dispelling Energy, Heroism, Renounce Religion


You were on level 7 of the Dungeon.
You worshipped Okawaru.
Okawaru was aware of your devotion.
You were completely stuffed.

You visited 2 branches of the dungeon, and saw 8 of its levels.

You collected 295 gold pieces.
You spent 280 gold pieces at shops.

Inventory:

Hand Weapons
 a - a +2 dagger of venom (weapon)
   (You took it off a kobold on level 2 of the Dungeon)
 k - the +12 trident of Spring {pierce, +Inv rPois Dex-4, unknown}
   (You found it on level 5 of the Dungeon)

   It inflicts extra damage upon your enemies.
   It affects your dexterity (-4).
   It protects you from poison.
   It lets you turn invisible.
 y - a +1 dagger of flaming
   (You took it off an orc on level 7 of the Dungeon)
Armour
 o - a +0 shield
   (You found it on level 3 of the Dungeon)
 p - a +0 pair of boots (worn)
   (You found it on level 5 of the Dungeon)
 w - a +0 cloak (worn)
   (You took it off Crazy Yiuf on level 6 of the Dungeon)
Jewellery
 l - a ring of protection from magic (right hand)
   (You found it on level 1 of the Dungeon)
 n - a ring of magical power (left hand)
   (You found it on level 3 of the Dungeon)
 q - an amulet of the gourmand (around neck)
   (You took it off an orc priest on level 5 of the Dungeon)
 u - an uncursed amulet of faith {unknown}
   (You found it on level 7 of the Dungeon)
 z - an uncursed ring of see invisible
   (You found it on level 1 of the Dungeon)
Wands
 s - a wand of polymorph (9)
   (You found it on level 6 of the Dungeon)
Scrolls
 c - 4 scrolls of identify {@r1}
 d - a scroll of magic mapping
 h - a scroll of teleportation {@r4}
 i - 3 scrolls of remove curse {@r2}
 t - a scroll of noise {unknown}
Potions
 b - a potion of lignification {!q}
 f - 2 potions of flight
 g - 2 potions of mutation {!q}
 j - 5 potions of curing {@q1}
 m - 3 potions of brilliance
 r - 2 potions of invisibility {unknown}
 v - a potion of cancellation {unknown}
 A - a potion of haste {@q3}
 B - a potion of agility
Comestibles
 e - 9 rations {!d}
 x - 5 chunks of flesh


   Skills:
 * Level 6.5 Fighting
 + Level 2.4 Short Blades
 + Level 4.2 Dodging
 - Level 2.0 Stealth
 + Level 3.1 Shields
 - Level 6.0 Spellcasting
 + Level 4.3 Conjurations
 + Level 5.2 Poison Magic
 + Level 2.5 Invocations
 + Level 0.7 Evocations


You had 6 spell levels left.
You knew the following spells:

 Your Spells              Type           Power        Failure   Level  Hunger
a - Venom Bolt            Conj/Pois      ###.......   41%         5    #####..
f - Mephitic Cloud        Conj/Pois/Air  ###.....     9%          3    ##.....
x - Poisonous Vapours     Pois/Air       ###...       6%          2    None
y - Olgreb's Toxic Radia  Pois           ####....     13%         4    ####...

Your spell library contained the following spells:

 Spells                   Type           Power        Failure   Level  Hunger
 Sting                    Conj/Pois      ###.         1%          1    None


Dungeon Overview and Level Annotations

Branches:
Dungeon (7/15)             Temple (1/1) D:5

Altars:
Ashenzari
Cheibriados
Dithmenos
Elyvilon
Fedhas
Gozag
Hepliaklqana
Kikubaaqudgha
Makhleb
Nemelex Xobeh
Okawaru
Qazlal
Ru
Sif Muna
Trog
Uskayaw
Vehumet
Wu Jian
Xom
Yredelemnul
Zin
The Shining One

Shops:
D:7 !


Innate Abilities, Weirdness & Mutations

You can breathe bolts of dispelling energy.
Your rich purple scales are hard. (AC +7)
You cannot fit into any form of body armour.
You are cold-blooded and may be slowed by cold attacks.


Message History

You kill the kobold!
Okawaru accepts your kill. The kobold hits you.
The kobold hits you with a +0 whip.
You barely miss the kobold. The kobold misses you. x2
The orc warrior shouts!
You hit the kobold.
You kill the kobold!
Okawaru accepts your kill. The kobold hits you but does no damage.
You hit the kobold.
You kill the kobold!
Okawaru accepts your kill.
You feel sick.
Things that are here:
2 stones; a big kobold corpse You feel sick.
The orc warrior closely misses you.
You closely miss the orc warrior.
The orc warrior hits you with a +0 glaive!!
You closely miss the orc warrior.
You tail-slap the orc warrior, but do no damage.
You feel sick.
The orc warrior hits you with a +0 glaive!!
* * * LOW HITPOINT WARNING * * *
Unknown command.
The orc warrior hits you from afar with a +0 glaive!
* * * LOW HITPOINT WARNING * * *
Things that are here:
2 stones; a big kobold corpse You feel sick.
Things that are here:
a stone; 4 poisoned darts
Aim: an orc warrior, wielding a +0 glaive, wearing a +0 plate armour and wearing an uncursed amulet of faith Poisonous vapours surround the orc warrior!
The orc warrior is engulfed in poison gas.
The orc warrior is poisoned.
Items here: (( )) †† You feel sick.
The orc warrior barely misses you.
There is an open door here.
There is an entrance to Mykkukh's Distillery here.
You feel sick.
You open the door.
The orc warrior looks more healthy.
There is an open door here.
An adder skeleton comes into view.
You feel sick.
You are no longer poisoned.
Found a potion of haste.
You see here 12 stones.
The orc warrior hits you from afar with a +0 glaive!!
You die...

# +..∩..'.#.###.###
#.##.#≈#.#≈#.#.# #..#
..!..#≈≈.≈≈#...# ##'##
Z...###'#####.##♣...♣#
#......# #.##.....#
#......# #.##♣...♣#
#..o#### #.##.....# #...#
#.####_### .
#..@######.###### ..
#...#........###
...######...#.##........#
................).....#.#
......................#
..
#......................
######)).)...#####.#...#
#)#...#..... .###.#
#)#...#.#### ## .#


You could see an orc warrior.

Vanquished Creatures
  Sigmund (D:2)
  Edmund (D:6)
  Duvessa (D:6)
  4 ice beasts
  A phantom (D:7)
  4 ogres
  A centaur (D:6)
  A big kobold (D:7)
  Dowan (D:6)
  A howler monkey (D:5)
  2 crimson imps
  3 hounds
  A jelly (D:6)
  3 orc priests (D:5)
  Crazy Yiuf (D:6)
  A centaur skeleton (D:6)
  4 worker ants
  6 orc wizards
  6 adders
  2 gnolls
  2 shadow imps
  An adder skeleton (D:6)
  4 worms
  A dart slug (D:4)
  5 leopard geckos
  21 orcs
  2 ball pythons
  6 bats
  5 giant cockroaches
  10 goblins
  10 hobgoblins
  9 jackals
  4 quokkas
  9 frilled lizards
  21 kobolds
  A quokka skeleton (D:4)
  A quokka zombie (D:7)
  11 rats
168 creatures vanquished.

Notes
Turn   | Place    | Note
-------+----------+-------------------------------------------
     0 | D:1      | MalarOregon the Draconian Venom Mage began the quest for
                  | the Orb.
     0 | D:1      | Reached XP level 1. HP: 14/14 MP: 3/3
   169 | D:1      | Reached XP level 2. HP: 22/22 MP: 3/5
   173 | D:1      | Learned a level 2 spell: Poisonous Vapours
   228 | D:1      | Reached skill level 1 in Fighting
   608 | D:1      | Reached XP level 3. HP: 28/28 MP: 4/6
  1294 | D:2      | Noticed Sigmund
  1311 | D:2      | Killed Sigmund
  1311 | D:2      | Reached XP level 4. HP: 25/38 MP: 0/8
  1311 | D:2      | Reached XP level 5. HP: 29/45 MP: 0/9
  2124 | D:2      | Learned a level 3 spell: Mephitic Cloud
  2205 | D:2      | Found a blossoming altar of Fedhas.
  2683 | D:3      | Reached XP level 6. HP: 40/51 MP: 0/10
  3549 | D:4      | Reached skill level 1 in Shields
  3578 | D:4      | Your scales start taking on a rich purple colour.
  3578 | D:4      | Reached XP level 7. HP: 38/60 MP: 12/13
  4203 | D:5      | Entered Level 5 of the Dungeon
  4462 | D:5      | Found a staircase to the Ecumenical Temple.
  4477 | Temple   | Entered the Ecumenical Temple
  4565 | Temple   | Became a worshipper of Warmaster Okawaru
  4632 | D:5      | Reached skill level 5 in Fighting
  5169 | D:5      | Learned a level 4 spell: Olgreb's Toxic Radiance
  5175 | D:5      | Learned a level 5 spell: Venom Bolt
  5195 | D:5      | Reached skill level 1 in Invocations
  5195 | D:5      | Reached XP level 8. HP: 35/68 MP: 3/15
  5207 | D:5      | Got a twisted trident
  5535 | D:5      | Reached skill level 1 in Short Blades
  5835 | D:6      | Reached skill level 5 in Spellcasting
  6514 | D:6      | Found a shadowy altar of Dithmenos.
  6561 | D:6      | Noticed Duvessa
  6562 | D:6      | Noticed Dowan
  6579 | D:6      | Killed Dowan
  6579 | D:6      | Reached * piety under Okawaru
  6581 | D:6      | Killed Duvessa
  6581 | D:6      | Reached skill level 5 in Poison Magic
  7026 | D:6      | Noticed Edmund
  7048 | D:6      | Killed Edmund
  7487 | D:6      | Found a runed translucent door.
  7488 | D:6      | Noticed Crazy Yiuf
  7715 | D:6      | Killed Crazy Yiuf
  8068 | D:7      | Reached XP level 9. HP: 73/75 MP: 13/17
  8245 | D:7      | Found a glowing golden altar of the Shining One.
  8262 | D:7      | Found Mykkukh's Distillery.
  8267 | D:7      | Bought a potion of haste for 140 gold pieces
  8267 | D:7      | Bought a potion of agility for 56 gold pieces
  8267 | D:7      | Bought a potion of curing for 42 gold pieces
  8267 | D:7      | Bought a potion of curing for 42 gold pieces
  8317 | D:7      | Slain by an orc warrior

Levels and vault maps discovered:
D:1:      dpeg_arrival_tiny_a, layout_loops_corners, hangedman_decor_riveting,
          minmay_split_cup_large
D:2:      layout_basic, fedhas_altar_1, uniq_sigmund
D:3:      layout_basic
D:4:      layout_cave_pods, hangedman_decor_lopped,
          chequers_serial_rivers_room_a
D:5:      layout_rooms, minmay_temple_entry_proselytizer, serial_glass,
          glass_columns_a, glass_columns_a, glass_columns_a, glass_columns_a,
          glass_columns_b, glass_columns_c, glass_columns_a, glass_columns_a,
          glass_columns_a, glass_columns_a, glass_columns_a, glass_columns_a,
          glass_columns_a, glass_columns_a, first_ration
D:6:      layout_layer_cave, hangedman_decor_points, minmay_ruined_shrine,
          uniq_crazy_yiuf_cottage, uniq_edmund, uniq_duvessa
D:7:      layout_loops_cross, overflow_temple_1_default, serial_shops,
          kennysheep_little_box, tso_altar
Temple:   dpeg_three_leaves_temple

Skill      XL: |  1  2  3  4  5  6  7  8  9 |
---------------+----------------------------+-----
Fighting       | 1 3 4 5 6 |  6.5
Dodging        | 2 3 4 |  4.2
Conjurations   | 2 3 4 |  4.3
Spellcasting   | 3 4 5 6 |  6.0
Poison Magic   | 4 5 |  5.2
Shields        | 1 2 3 |  3.1
Invocations    | 1 2 |  2.5
Short Blades   | 2 |  2.4
Stealth        | 2 |  2.0
Evocations     | |  0.7

Action                   |  1- 3 |  4- 6 |  7- 9 || total
-------------------------+-------+-------+-------++-------
Melee: Unarmed           |    20 |       |       ||    20
       Tailslap          |     3 |    13 |    30 ||    46
       Dagger            |    27 |   122 |   335 ||   484
 Cast: Sting             |    48 |    80 |     8 ||   136
       Poisonous Vapours |     1 |     9 |    42 ||    52
       Mephitic Cloud    |       |     2 |     3 ||     5
       Venom Bolt        |       |       |     5 ||     5
 Abil: Breathe Dispellin |       |       |     1 ||     1
  Use: Scroll            |       |     9 |     5 ||    14
       Potion            |       |       |     5 ||     5
 Stab: Sleeping          |     1 |       |     1 ||     2
       Confused          |       |       |     1 ||     1
  Eat: Chunk             |     1 |     6 |    32 ||    39
       Ration            |       |     1 |       ||     1
Armor: Skin              |    14 |    30 |    66 ||   110
Dodge: Dodged            |    27 |    86 |   198 ||   311

Table legend:
 A = Non-vault XP
 B = Vault XP
 C = Vault XP percentage of total XP
 D = Non-vault monster count
 E = Vault monster count
 F = Vault count percentage of total count
                 A         B        C        D         E       F
            +---------+---------+-------+---------+---------+-------
      Total |    2396 |     799 |  25.0 |     153 |      15 |   8.9
            +---------+---------+-------+---------+---------+-------
        D:1 |      63 |       5 |   7.4 |      28 |       4 |  12.5
        D:2 |      65 |     212 |  76.5 |      25 |       1 |   3.8
        D:3 |     117 |       0 |   0.0 |      27 |       0 |   0.0
        D:4 |     379 |       0 |   0.0 |      17 |       0 |   0.0
        D:5 |     746 |      40 |   5.1 |      24 |       1 |   4.0
        D:6 |     498 |     542 |  52.1 |      12 |       9 |  42.9
        D:7 |     528 |       0 |   0.0 |      20 |       0 |   0.0
            +---------+---------+-------+---------+---------+-------
